 Dungeon Crawl Stone Soup version 0.30-a0-335-ge5acde7520 (webtiles) character file.

Game seed: 16181896637597742617

293 hikkokomori the Shield-Bearer (level 5, -1/46 HPs)
             Began as a Demigod Fighter on Oct 30, 2022.
             Slain by a river rat (6 damage)
             ... in a sewer on Oct 31, 2022.
             The game lasted 00:04:08 (2148 turns).

hikkokomori the Shield-Bearer (Demigod Fighter)     Turns: 2148, Time: 00:04:08

Health: -1/46      AC:  7    Str: 16 (17) XL:     5   Next: 84%
Magic:  7/7        EV:  8    Int:  7 (10) God:
Gold:   122        SH:  5    Dex: 15 (17) Spells: 2/4 levels left

rFire   . . .      SeeInvis .    a - +0 long sword
rCold   . . .      Faith    .    c - +0 buckler
rNeg    . . .      Spirit   .    b - +0 scale mail
rPois   .          Reflect  .    (no helmet)
rElec   .          Harm     .    (no cloak)
rCorr   .          Rampage  .    (no gloves)
Will    .....                    (no boots)
Stlth   ..........               (no amulet)
HPRegen 0.27/turn                (no ring)
MPRegen 0.10/turn                (no ring)

@: mighty, hasted, very quick
A: high MP 1, forlorn, divine attributes
a: no special abilities


You were in a sewer.
You visited 1 branch of the dungeon, and saw 3 of its levels.
You also visited: Sewer.

You collected 122 gold pieces.

Inventory:

Hand Weapons
 a - a +0 long sword (weapon)
 g - a +0 short sword of speed
Armour
 b - a +0 scale mail (worn)
 c - a +0 buckler (worn)
Scrolls
 i - a scroll of fear {unknown}
 k - 2 scrolls of magic mapping {unknown}
 m - 2 scrolls of teleportation {unknown}
 n - 2 scrolls of identify {unknown}
 o - a scroll of fog {unknown}
 p - a scroll of acquirement {unknown}
 r - a scroll of enchant weapon {unknown}
 s - a scroll of blinking {unknown}
 w - a scroll of immolation {unknown}
Potions
 d - a potion of might
 e - 3 potions of degeneration
 f - a potion of lignification {unknown}
 h - a potion of brilliance {unknown}
 j - 2 potions of curing {unknown}
 l - a potion of berserk rage {unknown}
 q - a potion of ambrosia {unknown}
 t - 2 potions of cancellation {unknown}
 u - a potion of invisibility {unknown}
 v - a potion of haste
 x - a potion of experience {unknown}
 z - a potion of mutation {unknown}


   Skills:
 + Level 3.7 Fighting
 + Level 3.1 Long Blades
 + Level 3.7 Armour
 + Level 3.7 Shields
 + Level 1.5 Ice Magic


You had 2 spell levels left.
You knew the following spells:

 Your Spells              Type           Power      Damage    Failure   Level
a - Ensorcelled Hibernat  Hex/Ice        2%         N/A       93%         2

Your spell library contained the following spells:

 Spells                   Type           Power      Damage    Failure   Level
 Passwall                 Tmut/Erth      0%         N/A       97%         2
 Kindle Blastsparks       Fire/Tloc/Air  0%         2d10      99%         3
 Swiftness                Air            0%         N/A       99%         3
 Fulminant Prism          Conj/Hex       0%         3d5       100%        4
 Iskenderun's Mystic Bla  Conj/Tloc      0%         2d3       100%        4
 Lee's Rapid Deconstruct  Erth           0%         3d4*      100%        5


Dungeon Overview and Level Annotations

Branches:
Dungeon (3/15)              Sewer (1/1)


Innate Abilities, Weirdness & Mutations

You have an increased reservoir of magic. (+10% MP)
You shall have no god before yourself.
Your divine heritage dramatically boosts your attributes as you level up.


Message History

You are too injured to fight recklessly!
You are too injured to fight recklessly!
You are too injured to fight recklessly!
You are too injured to fight recklessly!
You are too injured to fight recklessly!
You are too injured to fight recklessly!
You barely miss the kobold brigand.
The kobold brigand is severely wounded.
The kobold brigand hits you with a +0 dagger.
The kobold closely misses you. The river rat closely misses you.
You barely miss the kobold brigand.
The kobold brigand is severely wounded.
The river rat bites you but does no damage.
The kobold brigand hits you with a +0 dagger.
* * * LOW HITPOINT WARNING * * *
The kobold barely misses you.
You slash the kobold brigand!
The kobold brigand is almost dead.
The river rat barely misses you.
The kobold brigand hits you but does no damage.
The kobold hits you with a +0 short sword.
* * * LOW HITPOINT WARNING * * *
The river rat bites you but does no damage.
The kobold brigand hits you with a +0 dagger.
* * * LOW HITPOINT WARNING * * *
The kobold closely misses you.
You feel very mighty all of a sudden. You block the kobold brigand's attack.
The kobold hits you but does no damage.
The river rat bites you but does no damage.
It was a potion of degeneration.
There was something very wrong with that liquid.
You feel weakened.
You feel dopey.
You feel clumsy.
The kobold brigand hits you with a +0 dagger.
* * * LOW HITPOINT WARNING * * *
You block the kobold's attack. You block the river rat's attack.
It was a potion of haste.
You feel yourself speed up.
The kobold brigand hits you with a +0 dagger.
* * * LOW HITPOINT WARNING * * *
The kobold hits you but does no damage. The river rat bites you.
You die...

≈ ##...# ≈~
##..#
≈≈~##..##
≈≈~#..††#
≈≈≈~~....##
≈≈≈~......#
≈≈≈~~~~...#
≈≈≈≈~≈~...#
≈≈≈≈≈~~r@K#
≈≈≈≈≈###K##
≈≈≈≈≈#.KKK.#
≈≈≈ #..K..#
≈≈ ##...##
....!
#.)#[!# ###
### ≈≈≈ ≈≈≈


You could see a kobold brigand, a river rat and 5 kobolds.

Vanquished Creatures
  A kobold brigand (Sewer)
  11 adders
  5 river rats
  2 worms
  4 endoplasms
  3 giant cockroaches (D:1)
  4 goblins
  2 hobgoblins (D:2)
  13 kobolds
  5 quokkas
  14 ball pythons
  A bat (D:1)
  4 frilled lizards
  19 rats
88 creatures vanquished.

Notes
Turn   | Place    | Note
-------+----------+-------------------------------------------
     0 | D:1      | hikkokomori the Demigod Fighter began the quest for the
                  | Orb.
     0 | D:1      | Reached XP level 1. HP: 18/18 MP: 3/3
   136 | D:1      | Reached XP level 2. HP: 22/25 MP: 4/4
   566 | D:1      | You fall into a shaft and drop 1 floor!
   578 | D:2      | Reached XP level 3. HP: 31/31 MP: 5/5
   973 | D:2      | Learned a level 2 spell: Ensorcelled Hibernation
  1129 | D:2      | Reached XP level 4. HP: 31/38 MP: 6/6
  1771 | D:3      | Found a glowing drain.
  1786 | Sewer    | Entered a sewer
  1818 | Sewer    | Reached XP level 5. HP: 41/45 MP: 7/7
  1848 | Sewer    | Reached skill level 1 in Ice Magic
  2148 | Sewer    | Slain by a river rat

Illustrated notes

Levels and vault maps discovered:
D:1:      dpeg_arrival_brainrot, layout_basic,
          chequers_ecumenical_altar_simple_redux
D:2:      layout_basic, minmay_snake_closets
D:3:      layout_rooms, kiku_gazebo_pond_becter, gup_sewer_entry_bubbles,
          kennysheep_flooded_box, kennysheep_generic_room_16, uniq_robin
Sewer:    sewer_minmay_treatment

Skill      XL: |  1  2  3  4  5 |
---------------+----------------+-----
Long Blades    | 2 3 |  3.1
Armour         | 3 |  3.7
Shields        | 3 |  3.7
Fighting       | 3 |  3.7
Ice Magic      | 1 |  1.5

Action                   |  1- 3 |  4- 6 || total
-------------------------+-------+-------++-------
Melee: Long sword        |   113 |   171 ||   284
  Use: Scroll            |     1 |       ||     1
       Potion            |       |     3 ||     3
Armor: Scale mail        |    58 |    95 ||   153
Dodge: Dodged            |    54 |   107 ||   161
Block: Buckler           |    33 |    61 ||    94

Table legend: (Time is in decaauts)
 A = Elapsed time spent in this place.
 B = Non-inter-level travel time spent in this place.
 C = Inter-level travel time spent in this place.
 D = Time resting spent in this place.
 E = Time spent auto-exploring this place.
 F = Levels seen in this place.
 G = Mean time per level.
                   A        B        C        D        E       F      G
               +--------+--------+--------+--------+--------+-----+--------+
         Total |   2261 |   2222 |     39 |      0 |   1539 |   4 |  565.2 |
       Dungeon |   1870 |   1831 |     39 |      0 |   1312 |   3 |  623.3 |
         Sewer |    391 |    391 |      0 |      0 |    227 |   1 |  391.0 |
               +--------+--------+--------+--------+--------+-----+--------+

Top non-repeatable levels by time:
     D:2: 1023 daAuts
     D:1: 588 daAuts
   Sewer: 391 daAuts
     D:3: 258 daAuts
